 Dungeon Crawl Stone Soup version 0.21.1-1-g345015f (webtiles) character file.

766 shakethe the Cleaver (level 7, -2/61 HPs)
             Began as a Hill Orc Gladiator on Feb 26, 2018.
             Killed by divine providence
             ... invoked by an orc priest
              (11 damage)
             ... on level 4 of the Dungeon.
             The game lasted 00:06:08 (4190 turns).

shakethe the Cleaver (Hill Orc Gladiator)           Turns: 4190, Time: 00:06:09

Health: -2/61      AC:  6    Str: 17    XL:     7   Next: 82%
Magic:  7/7        EV: 12    Int: 10    God:
Gold:   253        SH:  0    Dex: 12    Spells: 6/6 levels left

rFire    . . .     SeeInvis .   a - +0 war axe
rCold    . . .     Gourm    .   (no shield)
rNeg     . . .     Faith    .   b - +0 leather armour
rPois    .         Spirit   .   c - +1 helmet
rElec    .         Reflect  .   u - +0 cloak
rCorr    .         Harm     .   (no gloves)
MR       .....                  (no boots)
Stlth    +.........             (no amulet)
HPRegen  0.20/turn              (no ring)
MPRegen  0.10/turn              (no ring)

@: no status effects
A: no striking features
a: Convert to Beogh


You were on level 4 of the Dungeon.
You were not hungry.

You visited 1 branch of the dungeon, and saw 4 of its levels.

You collected 253 gold pieces.

Inventory:

Hand Weapons
 a - a +0 war axe (weapon)
 x - a -1 blowgun
   (You took it off a kobold on level 3 of the Dungeon)
Missiles
 d - 3 throwing nets {=f, !d}
 y - 10 poisoned needles
Armour
 b - a +0 leather armour (worn)
 c - a +1 helmet (worn)
 t - a +2 hat
   (You found it on level 2 of the Dungeon)
 u - a +0 cloak (worn)
   (You found it on level 2 of the Dungeon)
Jewellery
 E - an uncursed ring of fire {unknown}
   (You found it on level 4 of the Dungeon)
Wands
 B - a wand of flame (26)
   (You found it on level 3 of the Dungeon)
Scrolls
 e - 2 scrolls of remove curse
 g - a scroll of enchant weapon {unknown}
 i - 2 scrolls of fog
 j - 2 scrolls of teleportation
 k - a scroll of enchant armour
 n - a scroll of magic mapping {unknown}
 o - a scroll of fear
 v - a scroll of blinking {unknown}
 A - a scroll of immolation {unknown}
 C - a scroll of amnesia {unknown}
 D - a scroll of identify
Potions
 h - a potion of lignification {unknown}
 l - a potion of curing
 m - 2 potions of brilliance
 p - a potion of haste {unknown}
 q - a potion of agility {unknown}
 s - a potion of invisibility {unknown}
 w - a potion of ambrosia {unknown}
 z - a potion of flight {unknown}
Comestibles
 f - 6 rations
 r - 2 chunks of flesh {@w0@w0}


   Skills:
 + Level 5.4 Fighting
 * Level 8.8 Axes
 - Level 1.7 Throwing
 + Level 4.3 Armour
 - Level 2.4 Dodging


You had 6 spell levels left.
You didn't know any spells.

Dungeon Overview and Level Annotations

Branches:
Dungeon (4/15)
 Temple: D:4-7

Altars:
Cheibriados
Sif Muna


Message History

You bump into the rock wall.
You feel less confused. The hound bites you but does no damage.
The orc wizard barely misses you. The hound barely misses you.
Unknown command.
You barely miss the hound. You hit the orc wizard.
The hound bites you but does no damage.
The orc wizard hits you but does no damage.
Unknown command.
You closely miss the hound. You barely miss the orc wizard.
The orc priest shouts, "Beogh is our master!
Accept the truth or die!"
The hound bites you but does no damage.
The orc wizard points at you and mumbles some strange words.
The magic dart hits you! The hound bites you but does no damage.
You take 8 damage, and have 41/61 hp.
You closely miss the hound. You slash the orc wizard!
The orc priest threatens, "By the altar or by the axe, you will meet Beogh!"
The hound barely misses you. The orc wizard hits you with a dagger.
The hound pauses to sniff the ground.
The hound closely misses you.
Unknown command.
You take 1 damage, and have 40/61 hp.
You hit the hound but do no damage. You barely miss the orc wizard.
The orc wizard hits you but does no damage.
The hound pauses to sniff the ground.
The hound closely misses you.
Unknown command.
You slash the hound!
You kill the hound!
You hit the orc wizard but do no damage.
The orc priest threatens, "By the altar or by the axe, you will meet Beogh!"
The orc wizard hits you with a dagger. The adder barely misses you.
You take 2 damage, and have 38/61 hp.
You slash the adder!
You kill the adder!
You hit the orc wizard.
You kill the orc wizard!
Unknown command.
You closely miss something. You hit the orc. The orc barely misses you.
Something hits you but does no damage.
You barely miss something. You hit the orc.
You kill the orc!
You hear some strange, mumbled words.
A puff of flame appears from out of thin air!
The puff of flame hits you!
You take 7 damage, and have 32/61 hp.
You closely miss something. The orc priest barely misses you.
Something hits you.
You see here a hound corpse.
You take 4 damage, and have 28/61 hp.
You slash the orc priest! You miss something.
Something hits you but does no damage.
The orc priest invokes the aid of Beogh against you.
Pain shoots through your body!
You take 7 damage, and have 21/61 hp.
You barely miss the orc priest. You miss something.
Something hits you but does no damage.
The orc priest calls down the wrath of Beogh upon you.
Beogh smites you!
* * * LOW HITPOINT WARNING * * *
You take 11 damage, and have 10/61 hp.
You barely miss the orc priest. You hit something.
The orc priest shouts, "Surrender to Beogh and we'll let you live!"
Something hits you.
* * * LOW HITPOINT WARNING * * *
The orc priest hits you but does no damage.
An orc comes into view. It is wielding a trident.
You take 1 damage, and have 9/61 hp.
The orc shouts!
You slash the orc priest!
You kill the orc priest!
You miss something.
You hear a shout!
Something hits you but does no damage.
The orc throws a tomahawk.
The tomahawk hits you but does no damage.
Things that are here:
a tomahawk; a hand axe You closely miss something.
The orc throws a tomahawk.
The tomahawk hits you.
* * * LOW HITPOINT WARNING * * *
Something hits you but does no damage.
You take 3 damage, and have 6/61 hp.
You hit something.
The orc throws a tomahawk.
The tomahawk closely misses you. Something hits you.
* * * LOW HITPOINT WARNING * * *
You take 2 damage, and have 4/61 hp.
You feel better.
The orc throws a tomahawk.
The tomahawk hits you.
* * * LOW HITPOINT WARNING * * *
Something completely misses you.
An orc comes into view.
You regained 5 hp, and now have 9/61 hp.
You miss something.
The orc shouts!
The orc throws a tomahawk.
The tomahawk barely misses you. Something hits you but does no damage.
An orc priest and an orc wizard come into view.
The orc priest shouts!
The orc priest invokes the aid of Beogh against you.
Beogh smites you!
You die...

.........)....<.P♣♣≈..
......................
..###...###...........
.##.##.##.##..........
.#.........#..#######.
.##.......##...#
..#.......#..#.######.#.
#...........##.#........
##..#...#..###.#@####.#
#..#...#..# #.#(.....#
....##.##..# #[†......#
##...###...# ##.......#
#.#.. ..#.# #.......#
..........# ##.....o..
♣..#...#...# #........
#[.##...o .... ...o


You could see an orc priest and an orc.

Vanquished Creatures
  Sigmund (D:2)
  An ogre (D:4)
  The ghost of Danetta the Ogre Mage, a weakling OgWz of Sif Muna (D:3)
  A howler monkey (D:2)
  4 orc priests
  2 hounds (D:4)
  An iguana (D:4)
  A worker ant (D:4)
  An orc wizard (D:4)
  A gnoll (D:4)
  7 adders
  2 oozes (D:2)
  An adder skeleton (D:3)
  3 worms
  2 dart slugs
  5 leopard geckos
  11 orcs
  3 giant cockroaches
  8 goblins
  4 hobgoblins
  10 kobolds
  2 quokkas (D:2)
  7 bats
  4 frilled lizards
  5 rats
88 creatures vanquished.

Vanquished Creatures (others)
  A plant (D:4)
1 creature vanquished.

Grand Total: 89 creatures vanquished

Notes
Turn   | Place    | Note
-------+----------+-------------------------------------------
     0 | D:1      | shakethe the Hill Orc Gladiator began the quest for the Orb.
     0 | D:1      | Reached XP level 1. HP: 18/18 MP: 1/1
   111 | D:1      | Reached XP level 2. HP: 22/25 MP: 2/2
   170 | D:1      | Reached skill level 1 in Armour
   386 | D:1      | Reached XP level 3. HP: 25/30 MP: 3/3
   556 | D:1      | Reached skill level 3 in Fighting
   623 | D:2      | Reached skill level 5 in Axes
  1045 | D:2      | Reached XP level 4. HP: 29/38 MP: 4/4
  1127 | D:2      | Reached skill level 2 in Armour
  1134 | D:2      | Reached XP level 5. HP: 20/45 MP: 5/5
  1414 | D:2      | Noticed Sigmund
  1429 | D:2      | Killed Sigmund
  1429 | D:2      | Reached skill level 4 in Fighting
  1429 | D:2      | Reached skill level 7 in Axes
  1429 | D:2      | Reached skill level 3 in Armour
  1429 | D:2      | Reached XP level 6. HP: 23/52 MP: 6/6
  1963 | D:3      | Found a transporter.
  1984 | D:3      | Noticed Danetta's ghost (weakling OgWz)
  2001 | D:3      | Killed Danetta's ghost
  2222 | D:3      | Found a transporter.
  2510 | D:3      | Found a deep blue altar of Sif Muna.
  2510 | D:3      | Found a snail-covered altar of Cheibriados.
  2682 | D:3      | Reached XP level 7. HP: 21/60 MP: 7/7
  3609 | D:4      | Reached skill level 8 in Axes
  3609 | D:4      | HP: 13/60 [iguana (7)]
  3614 | D:4      | Reached skill level 5 in Fighting
  3965 | D:4      | Reached skill level 4 in Armour
  4182 | D:4      | HP: 10/61 [orc priest/divine providence (11)]
  4187 | D:4      | HP: 4/61 [something (2)]
  4190 | D:4      | Killed from afar by an orc priest

Skill      XL: |  1  2  3  4  5  6  7 |
---------------+----------------------+-----
Armour         | 1 2 3 4 |  4.3
Fighting       | 3 4 5 |  5.4
Axes           | 5 7 8 |  8.8
Throwing       | |  1.7
Dodging        | |  2.4

Action                   |  1- 3 |  4- 6 |  7- 9 || total
-------------------------+-------+-------+-------++-------
Melee: War axe           |   115 |   123 |    55 ||   293
 Fire: Blowgun           |       |       |    14 ||    14
  Use: Scroll            |       |       |     6 ||     6
       Potion            |       |       |     2 ||     2
 Stab: Sleeping          |     2 |     1 |       ||     3
  Eat: Chunk             |       |     6 |     1 ||     7
       Ration            |       |       |     1 ||     1
Armor: Leather armour    |    22 |    33 |    16 ||    71
Dodge: Dodged            |    73 |    72 |    43 ||   188

Vault maps used:
D:1:      sevenhm_arrival_forest_fort_small_6, minivault_27
D:2:      uniq_sigmund
D:3:      gammafunk_wand_slinger, amethyst_overflow_temple_binary, first_ration,
          minmay_misc_feat_more_columns
D:4:      elyvilon_altar_1, minmay_temple_entry_statues_pillars, serial_bayou,
          serial_bayou_pond_e, serial_bayou_lake_a, serial_bayou_pond_d,
          serial_bayou_lagoon_a, st_stairs_6, minmay_three_crescents

Table legend:
 A = Turns spent in this place as a percentage of turns spent in the entire game.
 B = Non-inter-level travel turns spent in this place as a percentage of non-inter-level travel turns spent in the entire game.
 C = Inter-level travel turns spent in this place as a percentage of turns spent in this place.
 D = Turns resting spent in this place as a percentage of non-inter-level travel turns spent in this place.
 E = Turns spent auto-exploring this place as a percentage of non-inter-level travel turns spent in this place.
 F = Non-inter-level travel turns spent in this place divided by the number of levels of this place that you've seen.
                   A       B       C       D       E      F
               +-------+-------+-------+-------+-------+----------------------
         Total | 100.0 | 100.0 |   1.3 |  40.4 |  36.8 | 1033.5
       Dungeon | 100.0 | 100.0 |   1.3 |  40.4 |  36.8 | 1033.5
               +-------+-------+-------+-------+-------+----------------------

Table legend:
 A = Kills in this place as a percentage of kills in entire the game.
 B = Kills by you in this place as a percentage of kills by you in the entire game.
 C = Kills by friends in this place as a percentage of kills by friends in the entire game.
 D = Other kills in this place as a percentage of other kills in the entire game.
 E = Experience gained in this place as a percentage of experience gained in the entire game.
 F = Experience gained in this place divided by the number of levels of this place that you have seen.
                   A       B       C       D       E      F
               +-------+-------+-------+-------+-------+----------------------
         Total | 100.0 | 100.0 |   N/A |   N/A | 100.0 | 273.8
       Dungeon | 100.0 | 100.0 |   N/A |   N/A | 100.0 | 273.8
               +-------+-------+-------+-------+-------+----------------------
